Cogmind - Beta 13 @@@ ROGUE MODE // 2024.04.14 @ 14:32:37 Player: JTMusky Result: Destroyed by G-47 Trooper with Particle Gun Performance ------------- Evolutions (2) 1000 Regions Visited (3) 600 Robots Destroyed (22) 110 Value Destroyed (302) 302 Prototype IDs (2) 40 Alien Tech Used (0) 0 Bonus (0) 0 TOTAL SCORE: 2052 Bonus ------- None Cogmind --------- Core Integrity 0/550 Matter 101/300 Energy 100/100 System Corruption 0% Temperature Cool (9) Movement Rolling (95) Location -8/Materials Parts ------- > --- POWER (2) -------- (None) > --- PROPULSION (2) --- Wheel Subdweller Monowheel > --- UTILITY (5) ------ Improved Propulsion Shielding Improved Propulsion Shielding Improved Propulsion Shielding > --- WEAPON (2) ------- (None) > --- INVENTORY (5) ---- Wheel Small Matter Pod (0) Sensor Array Seismic Detector Improved Propulsion Shielding Peak State ------------ > --- POWER ------------ Light Ion Engine Light Ion Engine > --- PROPULSION ------- Wheel Subdweller Monowheel > --- UTILITY ---------- Improved Propulsion Shielding Improved Propulsion Shielding Improved Propulsion Shielding Scrap Shield > --- WEAPON ----------- Assault Cannon Assault Cannon > --- INVENTORY -------- Wheel Small Matter Pod Sensor Array Seismic Detector Improved Propulsion Shielding [Rating: 24] Favorites ----------- Power Ion Engine Engine Ion Engine Propulsion Wheel Wheel Wheel Hover Unit Improved Hover Unit Utility Visual Processing Unit Device Sensor Array Storage Small Storage Unit Processor Visual Processing Unit Protection Improved Propulsion Shielding Weapon Assault Rifle Ballistic Gun Assault Rifle Ballistic Cannon Assault Cannon Launcher Mini Grenade Launcher Special Melee Weapon Datajack Build | -11 -10 -10 -8 ------- Run | Yrd Mat Sub Mat Slots Evolved 4 | . . . 4 Power 1 | . . . 1 Propulsion . | . . . . Utility 3 | . . . 3 Weapon . | . . . . Parts Attached 36 | 7 9 6 14 Power 5 | 1 1 1 2 Engine 5 | 1 1 1 2 Core . | . . . . Reactor . | . . . . Propulsion 7 | 2 2 1 2 Treads . | . . . . Leg . | . . . . Wheel 4 | 2 . . 2 Hover 3 | . 2 1 . Flight . | . . . . Utility 13 | 2 4 2 5 Device 5 | 1 2 2 . Storage 2 | 1 1 . . Processor 1 | . 1 . . Hackware . | . . . . Protection 5 | . . . 5 Artifact . | . . . . Weapon 11 | 2 2 2 5 Energy Gun . | . . . . Energy Cannon . | . . . . Ballistic Gun 7 | 2 2 1 2 Ballistic Cannon 2 | . . . 2 Launcher 1 | . . 1 . Special Weapon . | . . . . Impact Weapon . | . . . . Slashing Weapon . | . . . . Piercing Weapon . | . . . . Special Melee Weapon 1 | . . . 1 Unidentified Prototypes . | . . . . Parts Lost 15 | . . 6 9 Power 4 | . . 1 3 Propulsion 3 | . . 2 1 Utility 2 | . . 1 1 Weapon 6 | . . 2 4 Highest Loss Streak 5 | . . 3 5 To Critical Strikes . | . . . . Average Slot Usage (%) 95 | . 100 99 76 Engine 13 | . 14 14 9 Wheel 13 | . 17 . 11 Hover 11 | . 10 28 3 Device 13 | . 14 16 10 Storage 2 | . 3 . . Processor 8 | . 10 11 . Protection 5 | . . . 27 Ballistic Gun 22 | . 28 23 4 Launcher 1 | . . 3 4 Naked Turns . | . . . . Heaviest Build 40 | 14 15 11 40 Greatest Support 30 | 20 20 14 30 Greatest Overweight (x) 1 | 1 1 1 1 Average Overweight (x) . | . . . . Largest Inventory Capacity 8 | 8 8 5 5 Average Capacity 5 | 7 5 5 5 Most Carried 8 | 8 8 5 5 Average Carried 5 | 3 5 4 4 Final Capacity 8 | 8 8 5 5 Final Carried 8 | 7 8 4 5 Class Distribution -------------------- 96% | Mutant 3% | Scavenger-Mutant Dominant Class ---------------- Mutant | -10/Materials Mutant | -10/Subcaves Mutant | -8/Materials Resources | -11 -10 -10 -8 ----------- Run | Yrd Mat Sub Mat Matter Collected 662 | 226 286 31 119 Remotely . | . . . . Salvage Created 367 | 11 242 . 114 Parts 42 | 3 28 . 11 Haulers Intercepted 1 | . 1 . . Recyclers Shooed . | . . . . Parts Field Recycled . | . . . . Retrieved Matter . | . . . . Parts Self-Destructed . | . . . . Prevented . | . . . . Kills | -11 -10 -10 -8 ------- Run | Yrd Mat Sub Mat Combat Hostiles Destroyed 12 | . 7 . 5 Guns 8 | . 7 . 1 Cannons 1 | . . . 1 AOE 3 | . . . 3 Classes Destroyed 10 | 1 5 . 4 Worker 2 | . . . 2 Builder 1 | . . . 1 Tunneler 2 | 1 . . 1 Hauler 1 | . 1 . . Operator 1 | . 1 . . Watcher 3 | . 3 . . Swarmer 9 | . 6 . 3 Grunt 1 | . 1 . . Brawler 1 | . . . 1 Sentry 1 | . . . 1 Best Kill Streak 7 | 1 6 . 7 Combat Bots Only 6 | . 6 . 3 Max Kills in Single Turn 3 | 1 1 . 3 Gunslinging . | . . . . Exploded 1 | . . . 1 Melee . | . . . . Uniques/NPCs Destroyed . | . . . . Combat | -11 -10 -10 -8 -------- Run | Yrd Mat Sub Mat Hostile Shots Fired 202 | . 20 36 146 Missed 60 | . 3 15 42 Damage Taken 2239 | . 152 572 1515 Core 779 | . 26 194 559 Absorbed by Shields . | . . . . Redirected to Shielding 114 | . . . 114 Core Remaining (%) 56 | 100 . 12 . Volleys Fired 59 | 5 22 2 30 Largest 2 | 2 2 2 2 Hottest 88 | 40 40 55 88 Shots Fired 97 | 10 44 4 39 Gun 72 | 10 44 3 15 Cannon 19 | . . . 19 Launcher 6 | . . 1 5 Special . | . . . . Kinetic 91 | 10 44 3 34 Thermal . | . . . . Explosive 6 | . . 1 5 Electromagnetic . | . . . . Robot Hit Streak 9 | 3 6 1 9 Robot Miss Streak 3 | 3 3 1 3 Penetration Max . | . . . . Secondary Targets 1 | . 1 . . Max Gunslinging Chain 1 | . 1 . . Shots Hit Robots 57 | 5 23 1 28 Core Hits 30 | 1 15 . 14 Critical Kills . | . . . . Critical Parts Destroyed . | . . . . Critical Strikes 1 | . . . 1 Blast 1 | . . . 1 Melee Attacks 2 | . . . 2 Impact . | . . . . Slashing . | . . . . Piercing . | . . . . Sneak Attacks . | . . . . Combat Hostiles . | . . . . Follow-up Attacks . | . . . . Damage Inflicted 1486 | 73 275 102 1036 Guns 504 | 73 275 16 140 Cannons 360 | . . . 360 Explosions 622 | . . 86 536 Melee . | . . . . Ramming . | . . . . Kinetic 864 | 73 275 16 500 Thermal . | . . . . Explosive 622 | . . 86 536 Electromagnetic . | . . . . Impact . | . . . . Slashing . | . . . . Piercing . | . . . . Highest Corruption . | . . . . Average Corruption . | . . . . Corruption Purged . | . . . . Corruption Blocked . | . . . . Overload Shots . | . . . . Overflow Damage 55 | . . . 55 Projectiles . | . . . . Explosions 55 | . . . 55 Melee . | . . . . Knockbacks 5 | . . . 5 Impact . | . . . . Kinetic 4 | . . . 4 Secondary 1 | . . . 1 Self-Inflicted Damage 45 | . . . 45 Shots 4 | . . . 4 Rammed . | . . . . Targets Rammed . | . . . . Kicked . | . . . . Crushed . | . . . . Highest Temperature 316 | . . . 316 Average Temperature 151 | . . . 151 Received Heat Transfer 771 | . . 141 630 Siege Activations . | . . . . Robots Corrupted . | . . . . Combat Hostiles . | . . . . Parts Fried . | . . . . Impact Corruptions . | . . . . Robots Melted . | . . . . Combat Hostiles . | . . . . Parts Melted . | . . . . Heat Transferred . | . . . . Parts Sabotaged . | . . . . Parts Stolen . | . . . . Parts Stripped . | . . . . Power Chain Reactions . | . . . . Alert | -11 -10 -10 -8 ------- Run | Yrd Mat Sub Mat Peak Influence 273 | 5 273 . 170 Initial 3 | . 3 . . Average 83 | . 88 . 94 Maximum Alert Level 1 | . 1 . . Low Security (%) 89 | 100 85 . 100 Level 1 10 | . 14 . . Level 2 . | . . . . Level 3 . | . . . . Level 4 . | . . . . Level 5 . | . . . . High Security . | . . . . Max Security . | . . . . Squads Dispatched 3 | . 2 . 1 Investigation . | . . . . Extermination . | . . . . Reinforcement 3 | . 2 . 1 Assault . | . . . . Garrison . | . . . . Intercept . | . . . . Searches Triggered . | . . . . Construction Impeded 1 | . . . 1 Haulers Reinforced . | . . . . Active Scanning Responses . | . . . . Cargo Convoy Interrupts . | . . . . Stealth | -11 -10 -10 -8 --------- Run | Yrd Mat Sub Mat Distress Signals 2 | . 1 . 1 Communications Jammed . | . . . . Distress Signals . | . . . . Times Spotted 45 | . 21 10 14 Peak Tracking Total 10 | . 3 10 7 Tactical Retreats 4 | . 4 . . Traps | -11 -10 -10 -8 ------- Run | Yrd Mat Sub Mat Traps Triggered . | . . . . Indirectly . | . . . . Trap Hack Attempts . | . . . . Triggered . | . . . . Disarmed . | . . . . Reprogrammed . | . . . . Reused . | . . . . Traps Extracted . | . . . . Installed . | . . . . Triggered . | . . . . Machines | -11 -10 -10 -8 ---------- Run | Yrd Mat Sub Mat Machines Disabled 1 | . . . 1 Max in Single Turn 1 | . . . 1 Machines Repaired . | . . . . Machines Dismantled . | . . . . Machines Sabotaged . | . . . . Overloaded Fab Kills . | . . . . Hacking | -11 -10 -10 -8 --------- Run | Yrd Mat Sub Mat Machines Accessed 6 | . 6 . . Terminals 5 | . 5 . . Fabricators . | . . . . Repair Stations . | . . . . Recycling Units 1 | . 1 . . Scanalyzers . | . . . . Garrison Access . | . . . . Total Hacks 14 | . 14 . . Successful 8 | . 8 . . Failed 6 | . 6 . . Catastrophic . | . . . . Database Lockouts . | . . . . Manual 5 | . 5 . . Terminals 13 | . 13 . . Fabricators . | . . . . Repair Stations . | . . . . Recycling Units 1 | . 1 . . Scanalyzers . | . . . . Garrison Access . | . . . . Terminal Hacks 7 | . 7 . . Prototype ID Bank 1 | . 1 . . Unreport Threat 1 | . 1 . . Locate Traps 1 | . 1 . . Transport Status 1 | . 1 . . Recall Reinforcements 1 | . 1 . . Hauler Manifests 1 | . 1 . . Zone Layout 1 | . 1 . . Fabricator Hacks . | . . . . Repair Station Hacks . | . . . . Recycling Unit Hacks 1 | . 1 . . Report Inventory 1 | . 1 . . Scanalyzer . | . . . . Garrison Access Hacks . | . . . . Unauthorized Hacks . | . . . . Terminals . | . . . . Fabricators . | . . . . Repair Stations . | . . . . Recycling Units . | . . . . Scanalyzers . | . . . . Garrison Access . | . . . . Data Cores Recovered . | . . . . Used . | . . . . Hacking Detections 3 | . 3 . . Full Trace Events 1 | . 1 . . Feedback Events . | . . . . Feedback Blocked . | . . . . Robot Schematics Acquired . | . . . . Robots Built . | . . . . Authchips . | . . . . Time . | . . . . Total Robot Build Rating . | . . . . Part Schematics Acquired . | . . . . Parts Built . | . . . . Authchips . | . . . . Time . | . . . . Total Part Build Rating . | . . . . Parts Repaired . | . . . . Time . | . . . . Parts Recycled . | . . . . Recycled Matter . | . . . . Retrieved Matter . | . . . . Retrieved Components . | . . . . Parts Scanalyzed . | . . . . Part Schematics Acquired . | . . . . Parts Damaged . | . . . . Bothacking | -11 -10 -10 -8 ------------ Run | Yrd Mat Sub Mat Used RIF Installer . | . . . . Robots Hacked 1 | . . . 1 Non-combat 1 | . . . 1 Combat . | . . . . Robot Hacks Applied 1 | . . . 1 parse_system 1 | . . . 1 Relay Couplers Released . | . . . . Fabnet Peak Effective % . | . . . . Robots Rewired . | . . . . Allies Hacked . | . . . . Hacks Repelled . | . . . . Allies | -11 -10 -10 -8 -------- Run | Yrd Mat Sub Mat Total Allies . | . . . . Largest Group . | . . . . Highest-Rated Group . | . . . . Highest-Rated Ally . | . . . . Total Orders . | . . . . Ally Attacks . | . . . . Total Damage . | . . . . Kills . | . . . . Allies Corrupted . | . . . . Allies Melted . | . . . . Intel | -11 -10 -10 -8 ------- Run | Yrd Mat Sub Mat Robot Analysis Total . | . . . . Derelict Logs Recovered 1 | . . 1 . Drone Launches . | . . . . Drone Recoveries . | . . . . Exploration | -11 -10 -10 -8 ------------- Run | Yrd Mat Sub Mat Turns Passed 1558 | 97 966 202 293 Spaces Moved 1524 | 81 1002 284 157 Core 15 | 15 . . . Treads . | . . . . Legs . | . . . . Wheels 710 | 66 487 . 157 Hover 799 | . 515 284 . Flight . | . . . . Fastest Speed 50 | 50 56 56 95 Average Speed 70 | 80 67 56 108 Slowest Speed 120 | 100 120 120 120 Overloaded Moves . | . . . . Propulsion Burnouts . | . . . . Robots Hopped . | . . . . Cave-ins Triggered . | . . . . Exploration Rate (%) 29 | 5 89 14 9 Regions Visited 3 Branch Regions 1 Pre-discovered Areas 1 | . . 1 . Known Exits Taken . | . . . . Unknown Exits Taken 3 | 1 1 1 . Scrap Searched 2 | . . 2 . Spaces Dug 9 | . . 9 . Terrain Destroyed 68 | . . 9 59 Melee . | . . . . Projectile 4 | . . . 4 AOE 64 | . . 9 55 Terrain Rammed . | . . . . Walls Destroyed . | . . . . Machines Disabled . | . . . . Actions | -11 -10 -10 -8 --------- Run | Yrd Mat Sub Mat Total 1908 | 100 1248 322 238 Wait 240 | . 192 23 25 Move 1521 | 80 1001 283 157 Hop . | . . . . Pick Up 26 | 8 8 5 5 Fast Attach 22 | 6 6 1 9 Attach 10 | 1 . 4 5 Detach 3 | . 1 . 2 Swap 4 | . 3 1 . Drop 21 | . 15 3 3 Fire 59 | 5 22 2 30 Melee 2 | . . . 2 Ram . | . . . . Kick . | . . . . Crush . | . . . . Escape Stasis . | . . . . Rewire . | . . . . Trap . | . . . . Miscellaneous . | . . . . Route ------- -11/Scrapyard -10/Materials (discovered 5 exits: [*Mat x2] / [*Min x2] / [*Sub]) -10/Subcaves -8/Materials (discovered 1 exit: [*Sto]) History --------- Turn | Location | Event 15 | -11/Scrapyard | Discovered new exit (range 15) 98 | -11/Scrapyard | Entered Materials 335 | -10/Materials | Build established: Mutant 376 | -10/Materials | Discovered new exit (range 17) 610 | -10/Materials | Discovered new exit (range 6) 646 | -10/Materials | Discovered new exit (range 18) 691 | -10/Materials | Discovered new exit (range 17) 998 | -10/Materials | Derelicts attacked the area 1057 | -10/Materials | Discovered new exit (range 9) 1064 | -10/Materials | Entered Subcaves 1066 | -10/Subcaves | Discovered new exit (range 8) 1122 | -10/Subcaves | Learned location of Zion (-7) 1157 | -10/Subcaves | Ambushed by swarm of Subdwellers 1187 | -10/Subcaves | Disturbed a concealed Subdweller 1228 | -10/Subcaves | Lost 4 allies 1246 | -10/Subcaves | Lost 3 parts (1p1n1w) 1257 | -10/Subcaves | Ambushed by Subdweller buried in earth 1259 | -10/Subcaves | Core integrity fell below 50% 1264 | -10/Subcaves | Core integrity fell below 20% 1265 | -10/Subcaves | Ambushed by Subdweller buried in earth 1266 | -10/Subcaves | Entered Materials 1266 | -8/Materials | Evolved 4 slots: Power x1, Utility x3 1270 | -8/Materials | Discovered new exit (range 9) 1296 | -8/Materials | Lost 3 parts (1n1u1w) 1425 | -8/Materials | Lost 4 parts (1p1n2w) 1515 | -8/Materials | Core integrity fell below 50% 1540 | -8/Materials | Core integrity fell below 20% 1559 | -8/Materials | Destroyed by G-47 Trooper with Particle Gun Last Messages --------------- 01516_ Lgt. Ion Engine destroyed. 01517_ G-47 Trooper knocked back. 01522_ Lgt. Ion Engine destroyed. 01525_ M-13 Machinist repairs G-47 Trooper. 01527_ M-13 Machinist repairs Imp. Heat Sink. 01527_ G-47 Trooper knocked back. 01530_ Knocked back. 01531_ Scrap Shield destroyed. 01536_ M-13 Machinist repairs G-47 Trooper. 01537_ Critical hit (Burn: +37). 01538_ M-13 Machinist repairs Lgt. Nuclear Core. 01539_ B-36 Bruiser destroyed. 01541_ Assault Cannon destroyed. 01542_ G-47 Trooper suffers critical hit (Blast). 01542_ G-47 Trooper knocked back. 01544_ Assault Cannon destroyed. 01544_ Critical hit (Burn: +37). 01547_ M-13 Machinist repairs G-47 Trooper. 01548_ Acquired 1 matter. Map ----- +----------------------------------------------------+ | ????????????????? #???????????????????? | | ????????????????? #???????????????????? | | ????????????????? ????????????????????? | | ???????????????## ????????????????????? | | ??????????###### ????????????????????? | | ??????????+ ????????????????????? | | ??????????# ????????????????????? | | ??????????# ????????????????????? | | ??????????? #????????????????????? | | ??????????? #????????????????????? | | ??????????? ?? #????????????????????? | | ??????????? ???# #????????????????????? | | ??????????# ???# #????????????????????? | | ??????????# #??# #????????????????????? | | ??????????# #??# ##??????????????????? | | ??????????# ####/ ##?????????????????? | | ??????????# # %*% #?????????????????? | | ??????????# ##! %% #?????????????????? | | ??????????# ## % ]][##????????????????? | | ??????????# ## % ] [ #????????????????? | | ??????????# ## =[[[[##???##???????????? | | ??????????# # % ##### ###?###?#???? | | ########### ## %#g### # ## ## #???? | | gg # ###??? | | = ## # ## #??? | | ! @ # #??? | | ###########+########## # #??? | | ????????# ####* ## % #??? | | ????????# !###### # ## #??? | | ????????# # # # #??? | | ????????# """ ?# ! ## ! #??? | | ????????# """ # # ## ! #??? | | ????????# """ # # u ## #??? | | ????????############### ## #??? | | ?????????????????????# ###+######??? | | ?????????????????????# #????? | | ?????????????????????# < #????? | | ?????????????????????# #????? | | ?????????????????????# ###+####????? | | ?????????????????????#######?? ???????? | | ??????????????????????????????? ??????? | | ???????????????????????????????? ?????? | | ???????????????????????????????????????? | | ???????????????????????????????????????? | | ???????????????????????????????????????? | | ???????????????????????????????????????? | | ???????????????????????????????????????? | | ???????????????????????????????????????? | | ???????????????????????????????????????? | | ???????????????????????????????????????? | +----------------------------------------------------+ Best States ------------- Heat Dissipation 31 Energy Generation 15 Energy Capacity 250 Matter Stores 300 Matter Capacity 300 Sight Range 21 Robot Scan Range 14 Terrain Scan Density 10 Armor Coverage 800 Propulsion Shielding 66 Evasion (%) 53 Item Schematics ----------------- None Robot Schematics ------------------ None Fabricated ------------ Nothing Alien Tech Used ----------------- None Achievements -------------- None Challenges ------------ None Game ------ Seed ServoShadingBeamcaster Manual? 0 Play Time 01:16:20 Cumulative 11.2 hours Start 2024.04.13 @ 20:34:30 End 2024.04.14 @ 14:32:37 Sessions 8 Manual Loads 0 Difficulty Rogue Special Mode None Game No. 12 Rogue 12 Adventurer 0 Explorer 0 Win Type - Total 0 Types 0/0/0/0/0/0/0/0/0 Lore% 5 Gallery% 8 Achievement% 6 Wizard Run 0 Options --------- Layout 2 ASCII 1 Keyboard 1 Movement Vi Keybinds 0 Fullscreen 2 Font 40/SmallcapsGlow Map View 50x44 Zoom Use 13% Tactical HUD 1 Map Filters NONE Filters NONE Steam 0 RUN: 149b9a53-d568-4b99-9687-58b9d7e3fd8d